 Dungeon Crawl Stone Soup version 0.30-a0-757-ga6a79fd877 (webtiles) character file.

Game seed: 2696700536783646319

2628 flord the Protected (level 9, 0/70 HPs)
             Began as a Minotaur Fighter on Feb 10, 2023.
             Was a Priest of Okawaru.
             Slain by a vampire (5 damage)
             ... on level 7 of the Dungeon.
             The game lasted 00:20:18 (5436 turns).

flord the Protected (Minotaur Fighter)              Turns: 5436, Time: 00:20:18

Health: 0/70       AC: 20    Str: 25    XL:     9   Next: 35%
Magic:  8/8        EV:  7    Int:  5    God:    Okawaru [***...]
Gold:   353        SH:  4    Dex: 10    Spells: 8/8 levels left

rFire   + . .      SeeInvis .    a - +1 war axe
rCold   . . .      Faith    +    c - +0 buckler
rNeg    . . .      Spirit   .    h - +0 plate armour
rPois   .          Reflect  .    (helmet restricted)
rElec   .          Harm     .    g - +2 cloak
rCorr   .          Rampage  .    (no gloves)
Will    .....                    q - +0 pair of boots Stlth
                                 j - amulet of faith
HPRegen 0.31/turn                k - +4 ring of slaying
MPRegen 0.11/turn                m - ring of protection from fire

@: hasted, very quick
A: horns 2, retaliatory headbutt
a: Renounce Religion, Heroism


You were on level 7 of the Dungeon.
You worshipped Okawaru.
Okawaru was most pleased with you.
You visited 2 branches of the dungeon, and saw 8 of its levels.

You collected 353 gold pieces.

Inventory:

Hand Weapons
 a - a +1 war axe (weapon)
Missiles
 s - 3 boomerangs of dispersal (quivered)
Armour
 b - a +0 scale mail
 c - a +0 buckler (worn)
 g - a +2 cloak (worn)
 h - a +0 plate armour (worn)
 q - a +0 pair of boots (worn)
Jewellery
 j - an amulet of faith (around neck)
 k - a +4 ring of slaying (left hand)
 l - a ring of fire
 m - a ring of protection from fire (right hand)
 o - the ring "Geugraf" {rElec rCorr MP+9 Stlth-}
   (You found it on level 3 of the Dungeon)

   [ring of magical power]

   rElec:     It insulates you from electricity.
   MP:        It affects your magic capacity (+9).
   rCorr:     It protects you from acid and corrosion.
   Stlth:     It makes you less stealthy.
 p - a ring of fire
Wands
 d - a wand of roots (6)
Scrolls
 f - 6 scrolls of identify
 n - 4 scrolls of amnesia
 t - 4 scrolls of teleportation
 u - 3 scrolls of enchant weapon
 v - 2 scrolls of silence
Potions
 e - 2 potions of flight
 i - a potion of haste
 r - a potion of might


   Skills:
 - Level 3.6 Fighting
 - Level 11.0 Axes
 - Level 11.3 Armour
 * Level 3.9 Shields


You had 8 spell levels left.
You didn't know any spells.
Your spell library contained the following spells:

 Spells                   Type           Power      Damage    Failure   Level
 Foxfire                  Conj/Fire      0%         2x1d4     100%        1
 Kiss of Death            Conj/Necr      0%         2d5       100%        1
 Confusing Touch          Hex            0%         N/A       100%        3
 Dispel Undead            Necr           0%         3d6       100%        4
 Flame Wave               Conj/Fire      0%         2d4       100%        4
 Fire Storm               Conj/Fire      0%         5d1       100%        9
 Summon Small Mammal      Summ           Unusable   N/A       N/A         1
 Call Canine Familiar     Summ           Unusable   N/A       N/A         3
 Summon Guardian Golem    Hex/Summ       Unusable   N/A       N/A         3

Dungeon Overview and Level Annotations

Branches:
Dungeon (7/15)             Temple (1/1) D:4

Altars:
Ashenzari
Cheibriados
Dithmenos
Elyvilon
Fedhas
Gozag
Hepliaklqana
Kikubaaqudgha
Makhleb
Nemelex Xobeh
Okawaru
Qazlal
Ru
Sif Muna
Trog
Uskayaw
Vehumet
Wu Jian
Yredelemnul
Zin
The Shining One

Shops:
D:2 :*

Annotations:
D:3 1 runed translucent door, Crazy Yiuf
D:5 Grinder


Innate Abilities, Weirdness & Mutations

You have a pair of horns on your head.
You reflexively headbutt those who attack you in melee.


Message History

The vampire is heavily damaged.
You hit the howler monkey.
You kill the howler monkey!
Okawaru accepts your kill.
The vampire points at you and mumbles some strange words.
You are confused.
You bump into the rock wall.
The vampire hits you.
The vampire bites you but does no damage.
You miss the vampire.
The vampire is heavily damaged.
The vampire closely misses you. The vampire completely misses you.
The vampire hits you but does no damage.
The vampire bites you.
The vampire draws strength from your injuries!
You bump into the rock wall.
The vampire hits you but does no damage.
The vampire bites you.
The vampire draws strength from your injuries!
You barely miss the vampire.
The vampire is heavily damaged.
The vampire hits you but does no damage.
The vampire bites you but does no damage.
You bump into the rock wall.
The vampire hits you.
* * * LOW HITPOINT WARNING * * *
The vampire bites you but does no damage.
The vampire hits you!
* * * LOW HITPOINT WARNING * * *
The vampire bites you.
* * * LOW HITPOINT WARNING * * *
The vampire draws strength from your injuries!
You are too confused!
You feel less confused. The vampire hits you.
* * * LOW HITPOINT WARNING * * *
The vampire bites you.
* * * LOW HITPOINT WARNING * * *
The vampire draws strength from your injuries!
You see here a howler monkey corpse.
You feel yourself speed up. The vampire hits you.
You die...

#...........# #....#.#.#.#.#.
#.<######.#.# #.###..#.#.#.#.
#..# #.#.# #..####..#.#.#.
#..# ###.#.# #.#..####..#.#.
#..# #...#.# #.#....####..#.
#..# #.###.# #.##.#.#.####..
#.[# #.# #.###.#.#.#.#.####.
#..####.###.##..#...........#
#..........V@...#.#.#.#.#####
##.########...#.##.#.#.###...
#.#####........#....###.....
#.......##.....#..###.......
###########.#...###...#.#<..
#.#.........>.....
#.#...#######.###. #.#.###
#..... #.#.# #####.


You could see a vampire.

Vanquished Creatures
  A shadow (D:7)
  A wyvern (D:7)
  Edmund (D:5)
  4 ice beasts
  An orc warrior (D:7)
  A sky beast (D:7)
  A kobold brigand (D:7)
  2 scorpions (D:4)
  A bullfrog (D:6)
  7 wights (D:7)
  5 howler monkeys
  2 jellies
  2 gnoll boudas
  8 hounds
  Terence (D:2)
  4 iguanas
  3 orc wizards
  Robin (D:4)
  9 gnolls
  9 adders
  A shadow imp (D:6)
  6 dart slugs
  13 orcs
  6 ball pythons
  11 endoplasms
  3 giant cockroaches
  11 hobgoblins
  4 quokkas
  3 bats
  3 frilled lizards
  16 goblins
  4 kobolds
  5 rats
150 creatures vanquished.

Vanquished Creatures (others)
  5 plants (D:3)
5 creatures vanquished.

Grand Total: 155 creatures vanquished

Notes
Turn   | Place    | Note
-------+----------+-------------------------------------------
     0 | D:1      | flord the Minotaur Fighter began the quest for the Orb.
     0 | D:1      | Reached XP level 1. HP: 19/19 MP: 0/0
   351 | D:1      | Reached XP level 2. HP: 24/26 MP: 1/1
   389 | D:1      | Got Zemm's Compilation of Incandescence
   921 | D:2      | Reached XP level 3. HP: 30/31 MP: 2/2
   988 | D:2      | Found a sparkling altar of Nemelex Xobeh.
   992 | D:2      | Found Dotem's Assorted Antiques.
  1305 | D:2      | Noticed Terence
  1306 | D:2      | Found Ziuw's Book Shoppe.
  1311 | D:2      | Killed Terence
  1312 | D:2      | Reached skill level 5 in Axes
  1312 | D:2      | Reached XP level 4. HP: 23/39 MP: 3/3
  1779 | D:3      | Reached XP level 5. HP: 31/45 MP: 4/4
  2266 | D:3      | Identified the ring "Geugraf" {rElec rCorr MP+9 Stlth-}
  2400 | D:3      | Found a runed translucent door.
  2401 | D:3      | Noticed Crazy Yiuf
  2570 | D:4      | Found a glowing golden altar of the Shining One.
  2722 | D:4      | Reached XP level 6. HP: 48/51 MP: 5/5
  3021 | D:4      | Reached XP level 7. HP: 51/57 MP: 6/6
  3157 | D:4      | Found a staircase to the Ecumenical Temple.
  3166 | Temple   | Entered the Ecumenical Temple
  3177 | Temple   | Became a worshipper of Warmaster Okawaru
  3455 | D:4      | Noticed Robin
  3475 | D:4      | Killed Robin
  3553 | D:5      | Entered Level 5 of the Dungeon
  3553 | D:5      | Noticed Grinder
  3782 | D:5      | Noticed Edmund
  3789 | D:5      | Killed Edmund
  3790 | D:5      | Reached skill level 10 in Axes
  3898 | D:5      | Reached * piety under Okawaru
  3948 | D:6      | Reached XP level 8. HP: 64/64 MP: 7/7
  4106 | D:6      | Reached skill level 5 in Armour
  4138 | D:6      | Reached ** piety under Okawaru
  4735 | D:7      | Reached *** piety under Okawaru
  4744 | D:7      | Reached XP level 9. HP: 29/70 MP: 8/8
  4958 | D:7      | Reached skill level 10 in Armour
  5372 | D:7      | Found a burning altar of Makhleb.
  5436 | D:7      | Slain by a vampire

Illustrated notes

Levels and vault maps discovered:
D:1:      dpeg_arrival_rooms_with_view, layout_basic
D:2:      layout_basic, serial_shops, nicolae_shop_crystal, shop_statue,
          basic_altar, grunt_decor_junction, uniq_terence
D:3:      layout_rooms, serial_forest, infiniplex_forest_end_1,
          infiniplex_forest_lined_1, infiniplex_forest_lined_2,
          infiniplex_forest_straight_3, infiniplex_forest_clump_C,
          infiniplex_forest_straight_2, infiniplex_forest_zigzag_1,
          uniq_crazy_yiuf_cottage
D:4:      layout_basic, mainiacjoe_overflow_tiny_flanked,
          minmay_temple_entry_antechambers, minmay_distorted, uniq_robin
D:5:      layout_gridville, uniq_grinder, uniq_edmund, uniq_pikel
D:6:      layout_rooms
D:7:      minmay_the_grid_triangle_9x9_rhombus_thin
          [minmay_the_grid_triangle_9x9_empty,
          minmay_the_grid_triangle_9x9_prize_top_heavy,
          minmay_the_grid_triangle_9x9_zippers_vertical,
          minmay_the_grid_triangle_9x9_flanged_cone], layout_loops_ring,
          lightli_temple_of_fire
Temple:   hellmonk_temple_of_storms

Skill      XL: |  1  2  3  4  5  6  7  8  9 |
---------------+----------------------------+-----
Axes           | 3 4 5 6 7 9 11 | 11.0
Armour         | 4 9 11 | 11.3
Fighting       | |  3.6
Shields        | |  3.9

Action                     |  1- 3 |  4- 6 |  7- 9 || total
---------------------------+-------+-------+-------++-------
  Melee: War axe           |    61 |   111 |   158 ||   330
         Headbutt          |     9 |    13 |    33 ||    55
    Use: Scroll            |     4 |     5 |     4 ||    13
         Potion            |     1 |       |     6 ||     7
 Armour: Scale mail        |     2 |       |       ||     2
         Plate armour      |    27 |    68 |   104 ||   199
  Dodge: Dodged            |    14 |    24 |    49 ||    87
  Block: Buckler           |    10 |    26 |    19 ||    55

Table legend: (Time is in decaauts)
 A = Elapsed time spent in this place.
 B = Non-inter-level travel time spent in this place.
 C = Inter-level travel time spent in this place.
 D = Time resting spent in this place.
 E = Time spent auto-exploring this place.
 F = Levels seen in this place.
 G = Mean time per level.
                   A        B        C        D        E       F      G
               +--------+--------+--------+--------+--------+-----+--------+
         Total |   5495 |   5051 |    444 |    450 |   3413 |   8 |  686.9 |
       Dungeon |   5455 |   5017 |    438 |    450 |   3397 |   7 |  779.3 |
        Temple |     40 |     34 |      6 |      0 |     16 |   1 |   40.0 |
               +--------+--------+--------+--------+--------+-----+--------+

Top non-repeatable levels by time:
     D:4: 1047 daAuts
     D:7: 960 daAuts
     D:2: 924 daAuts
     D:1: 881 daAuts
     D:3: 798 daAuts
     D:6: 556 daAuts
     D:5: 286 daAuts
  Temple: 40 daAuts
